 Dungeon Crawl Stone Soup version 0.25.1-1-g288607f5aa (webtiles) character file.

Game seed: 9506409680781347773

2005 Asdor the Poker (level 9, -8/69 HPs)
             Began as a Demonspawn Abyssal Knight on July 23, 2020.
             Was an Elder of Lugonu.
             Mangled by Duvessa
             ... wielding a +3 short sword of draining
              (12 damage)
             ... on level 6 of the Dungeon.
             The game lasted 00:26:57 (8754 turns).

Asdor the Poker (Demonspawn Abyssal Knight)         Turns: 8754, Time: 00:27:01

Health: -8/69      AC: -4    Str: 13    XL:     9   Next: 2%
Magic:  0/13       EV: 14    Int: 11    God:    Lugonu [****..]
Gold:   251        SH:  0    Dex: 15    Spells: 8/8 levels left

rFire    . . .     SeeInvis .   a - +2 spear
rCold    . . .     Gourm    .   (no shield)
rNeg     + . .     Faith    .   b - +0 leather armour
rPois    +         Spirit   +   (helmet restricted)
rElec    .         Reflect  .   (no cloak)
rCorr    .         Harm     .   (gloves unavailable)
MR       .....                  (no boots)
Stlth    +.........             o - amulet of Vodka {Spirit rPois rN+ Int-3}
HPRegen  0.21/turn              g - ring of poison resistance
MPRegen  0.13/turn              (no ring)

@: about to teleport, corroded, drained
A: antennae 1, claws 3, talons 2, rot immunity
a: Depart the Abyss, Bend Space, Banish, Corrupt, Renounce Religion


You were on level 6 of the Dungeon.
You worshipped Lugonu.
Lugonu was greatly pleased with you.
You were very hungry.

You visited 2 branches of the dungeon, and saw 7 of its levels.
You visited the Abyss 1 time.
You also visited: Sewer.

You collected 251 gold pieces.

Inventory:

Hand Weapons
 a - a +2 spear (weapon)
 l - the +5 hunting sling "Dig Jic" {freeze, rC++ Str-3 Int+7}
   (You found it on level 4 of the Dungeon)

   It causes projectiles fired from it to freeze those they strike, causing
   extra injury to most foes and up to half again as much damage against
   particularly susceptible opponents.
   They can also slow down cold-blooded creatures.
   It affects your strength (-3).
   It affects your intelligence (+7).
   It greatly protects you from cold.
Armour
 b - a +0 leather armour (worn)
 p - a +0 kite shield
 q - the +1 pair of gloves of the Land of Plenty {rN+ Int+5 Dex+4}
   (You found it on level 4 of the Dungeon)

   It affects your intelligence (+5).
   It affects your dexterity (+4).
   It protects you from negative energy.
Jewellery
 g - a ring of poison resistance (left claw)
 o - the amulet of Vodka (around neck) {Spirit rPois rN+ Int-3}
   (You found it on level 4 of the Dungeon)

   [amulet of guardian spirit]

   It causes incoming damage to be split between your health and magic.
   It affects your intelligence (-3).
   It protects you from poison.
   It protects you from negative energy.
Scrolls
 e - 5 scrolls of teleportation
 f - a scroll of enchant weapon
 h - 5 scrolls of fear
 k - a scroll of magic mapping
 r - a scroll of noise {unknown}
 s - a scroll of identify
Potions
 d - 2 potions of brilliance
 i - a potion of flight
 j - a potion of curing
 m - 2 potions of haste
 n - a potion of lignification {unknown}
 t - a potion of cancellation {unknown}
Comestibles
 c - 9 rations


   Skills:
 + Level 6.1(5.5) Fighting
 * Level 7.1(6.5) Polearms
 + Level 4.4(3.7) Armour
 - Level 5.0(4.3) Dodging
 + Level 6.6(5.9) Invocations


You had 8 spell levels left.
You didn't know any spells.
Your spell library was empty.

Dungeon Overview and Level Annotations

Branches:
Dungeon (6/15)             Temple (1/1) D:5           Sewer (visited)

Altars:
Ashenzari
Cheibriados
Dithmenos
Elyvilon
Fedhas
Hepliaklqana
Kikubaaqudgha
Nemelex Xobeh
Okawaru
Sif Muna
Vehumet
Xom
Yredelemnul
Zin
The Shining One

Annotations:
D:6 Duvessa


Innate Abilities, Weirdness & Mutations

You have a pair of small antennae on your head.
You have claws for hands.
You have razor-sharp toenails.
You are immune to rotting.


Message History

You claw Duvessa, but do no damage.
Duvessa is moderately wounded.
Duvessa hits you with a +3 short sword of draining!
You partially resist.
You feel drained.
Items here: ))) [ † a +0 short sword; a +0 club; a +0 leather armour; a +0 flail; an orc corpse Duvessa hits you with a +3 short sword of draining!
* * * LOW HITPOINT WARNING * * *
You partially resist.
You feel drained.
* * * LOW HITPOINT WARNING * * *
Duvessa rages.
You hear a bark! x2
As you read the scroll of teleportation, it crumbles to dust.
You feel strangely unstable.
Duvessa hits you with a +3 short sword of draining!
* * * LOW HITPOINT WARNING * * *
You partially resist.
You feel drained.
* * * LOW HITPOINT WARNING * * *
Duvessa hits you with a +3 short sword of draining!
You die...

. ... ####......#..#.......
.....##.#.........###......
#.. .............^.........
.... ..........p..........>
..... #..###.#.............
......#..###.##.#..........
#.....[.)(....#.#..........
##......[.e..............##
#......##@..............#
....h##..##..........#...#
..... ##. #.##.......#####
.... #.............## ....
..............# ...
..............##
.............#
...#........## # #.......##


You could see Duvessa (berserk).

Vanquished Creatures
  Pikel (D:5)
  Menkaure (D:5)
  An ogre (D:5)
  A sky beast (D:5)
  2 centaurs (D:5)
  2 bullfrogs (D:6)
  2 jellies
  A quasit (D:4)
  A bullfrog zombie (D:5)
  2 hounds (D:5)
  4 orc priests
  Jessica (D:2)
  Terence (D:2)
  An iguana (D:5)
  Natasha (thrice) (D:3)
  4 orc wizards
  2 worker ants (D:5)
  Robin (D:3)
  4 gnolls (D:4)
  A howler monkey skeleton (D:4)
  A river rat (D:3)
  8 adders
  A shadow imp (D:5)
  An ooze (D:1)
  7 worms
  3 dart slugs
  8 leopard geckos
  20 orcs
  4 bats (D:1)
  18 giant cockroaches
  11 goblins
  12 hobgoblins
  17 jackals
  3 quokkas
  4 ball pythons
  18 frilled lizards
  9 kobolds
  A leopard gecko skeleton (D:5)
  11 rats
193 creatures vanquished.

Vanquished Creatures (others)
  A slave (D:6)
  Dowan (D:6)
  A hound (D:6)
  2 gnolls (D:6)
5 creatures vanquished.

Grand Total: 198 creatures vanquished

Notes
Turn   | Place    | Note
-------+----------+-------------------------------------------
     0 | Abyss:1  | Asdor the Demonspawn Abyssal Knight began the quest for the
                  | Orb.
     0 | Abyss:1  | Reached XP level 1. HP: 18/18 MP: 2/2
    46 | Abyss:1  | Noticed a large abomination
    63 | Abyss:1  | Noticed a small abomination
    98 | Abyss:1  | Reached skill level 3 in Polearms
    98 | Abyss:1  | Reached skill level 5 in Invocations
    98 | Abyss:1  | Gained mutation: You have sharp fingernails. [demonic
                  | ancestry]
    98 | Abyss:1  | Reached XP level 2. HP: 25/25 MP: 2/5
    99 | D:1      | Escaped the Abyss
   378 | D:1      | Reached skill level 4 in Polearms
   651 | D:1      | Reached * piety under Lugonu
   789 | D:1      | Gained mutation: You have very sharp fingernails. [demonic
                  | ancestry]
   789 | D:1      | Reached XP level 3. HP: 10/30 MP: 7/7
  1066 | D:1      | Found a sparkling altar of Nemelex Xobeh.
  1939 | D:2      | Found a shimmering altar of Xom.
  1949 | D:2      | Gained mutation: You have sharp toenails. [demonic
                  | ancestry]
  1949 | D:2      | Reached XP level 4. HP: 26/37 MP: 8/8
  2140 | D:2      | Noticed Terence
  2154 | D:2      | Killed Terence
  2511 | D:2      | Noticed Jessica
  2698 | D:2      | Reached ** piety under Lugonu
  2789 | D:2      | Killed Jessica
  2789 | D:2      | Gained mutation: You have razor-sharp toenails. [demonic
                  | ancestry]
  2789 | D:2      | Reached XP level 5. HP: 30/42 MP: 9/9
  3264 | D:2      | Found an ancient bone altar of Kikubaaqudgha.
  3266 | D:2      | Found a blossoming altar of Fedhas.
  3434 | D:3      | Found a glowing drain.
  3485 | Sewer    | Entered a sewer
  3958 | D:3      | Noticed Natasha
  4115 | D:3      | Gained mutation: You are immune to rotting. [demonic
                  | ancestry]
  4115 | D:3      | Reached XP level 6. HP: 47/49 MP: 10/10
  4139 | D:3      | Killed Natasha
  4168 | D:3      | Reached *** piety under Lugonu
  4649 | D:3      | Noticed Robin
  4702 | D:3      | Killed Robin
  5139 | D:3      | Noticed Natasha
  5146 | D:3      | Killed Natasha
  5146 | D:3      | Reached skill level 5 in Polearms
  5161 | D:3      | Noticed Natasha
  5168 | D:3      | Killed Natasha
  5445 | D:4      | Reached XP level 7. HP: 52/55 MP: 11/11
  5635 | D:4      | Got a scintillating golden amulet
  5661 | D:4      | Identified the amulet of Vodka {Spirit rPois rN+ Int-3}
                  | (You found it on level 4 of the Dungeon)
  5892 | D:4      | Got a pair of heavily runed gloves
  5898 | D:4      | Identified the +1 pair of gloves of the Land of Plenty {rN+
                  | Int+5 Dex+4} (You found it on level 4 of the Dungeon)
  5947 | D:4      | Got a buzzing hunting sling
  5948 | D:4      | Identified the +5 hunting sling "Dig Jic" {freeze, rC++
                  | Str-3 Int+7} (You found it on level 4 of the Dungeon)
  6381 | D:5      | Entered Level 5 of the Dungeon
  6413 | D:5      | Reached **** piety under Lugonu
  6445 | D:5      | Reached skill level 5 in Fighting
  6925 | D:5      | Noticed Menkaure
  6936 | D:5      | Killed Menkaure
  7317 | D:5      | Reached skill level 6 in Polearms
  7317 | D:5      | Gained mutation: You have claws for hands. [demonic
                  | ancestry]
  7317 | D:5      | Reached XP level 8. HP: 58/63 MP: 10/12
  7741 | D:5      | Reached skill level 5 in Dodging
  7820 | D:5      | Found a staircase to the Ecumenical Temple.
  7921 | Temple   | Entered the Ecumenical Temple
  8028 | D:6      | Noticed Pikel
  8067 | D:5      | Killed Pikel
  8463 | D:5      | Reached skill level 7 in Polearms
  8622 | D:6      | Gained mutation: You have a pair of small antennae on your
                  | head. [demonic ancestry]
  8622 | D:6      | Reached XP level 9. HP: 46/69 MP: 6/13
  8726 | D:6      | Killed Dowan
  8742 | D:6      | Noticed Duvessa
  8754 | D:6      | Mangled by Duvessa

Illustrated notes

Levels and vault maps discovered:
D:1:      lightli_arrival_chessboard, layout_basic, nemelex_diamond_rough_becter
D:2:      minmay_roachtagon, layout_loops_ring,
          grunt_temple_overflow_growth_and_decay, lemuel_round_altar,
          first_ration, uniq_terence, uniq_jessica
D:3:      layout_loops_ring, portal_sewer_entry_b, uniq_robin, uniq_natasha
D:4:      layout_loops_ring
D:5:      layout_basic, temple_green, uniq_menkaure
D:6:      layout_cave_pools, serial_shops, shop, uniq_crazy_yiuf_cottage,
          uniq_pikel, uniq_duvessa
Temple:   eino_wide_crystal_templ

Skill      XL: |  1  2  3  4  5  6  7  8 |
---------------+-------------------------+-----
Fighting       | 4 5 6 |  6.1
Polearms       | 3 4 5 6 7 |  7.1
Dodging        | 3 4 5 |  5.0
Invocations    | 5 6 |  6.6
Armour         | 2 3 4 |  4.4

Action                   |  1- 3 |  4- 6 |  7- 9 || total
-------------------------+-------+-------+-------++-------
Melee: Spear             |   120 |   411 |   264 ||   795
       Kick              |       |    77 |    71 ||   148
Invok: Depart the Abyss  |     1 |       |       ||     1
  Use: Potion            |     1 |     5 |     4 ||    10
       Scroll            |     1 |     7 |     3 ||    11
 Stab: Sleeping          |     1 |     3 |       ||     4
       Distracted        |       |     1 |       ||     1
       Fleeing           |       |       |     2 ||     2
  Eat: Chunk             |     3 |    12 |     6 ||    21
       Ration            |       |       |     1 ||     1
Armor: Leather armour    |    26 |    45 |    33 ||   104
Dodge: Dodged            |   104 |   240 |   185 ||   529
